 Seeded DCSS version 0.28.0-45-g0d030f2227 (webtiles) character file.

Game seed: 11774175786726608840 (custom seed)

29 NinjaNoafa the Conjurer (level 3, -3/26 HPs)
             Began as a Draconian Conjurer on Apr 18, 2022.
             Was an Initiate of Gozag.
             Killed by nerve-wracking pain
             ... invoked by Menkaure
              (8 damage)
             ... on level 4 of the Dungeon.
             The game lasted 00:03:25 (2037 turns).

NinjaNoafa the Conjurer (Draconian Conjurer)        Turns: 2037, Time: 00:03:25

Health: -3/26      AC:  5    Str:  9    XL:     3   Next: 1%
Magic:  6/6        EV: 12    Int: 20    God:    Gozag
Gold:   49         SH:  0    Dex:  9    Spells: 5/6 levels left

rFire   . . .      SeeInvis .   c - +0 dagger
rCold   . . .      Faith    .   (no shield)
rNeg    . . .      Spirit   .   (armour unavailable)
rPois   .          Reflect  .   (helmet restricted)
rElec   .          Harm     .   (no cloak)
rCorr   .          Rampage  .   (no gloves)
Will    .....                   (no boots)
Stlth   ++........              (no amulet)
HPRegen 0.08/turn               (no ring)
MPRegen 0.10/turn               (no ring)

@: no status effects
A: AC +5, unfitting armour, cold-blooded
a: Renounce Religion, Potion Petition, Call Merchant, Bribe Branch


You were on level 4 of the Dungeon.
You worshipped Gozag.
Gozag was noncommittal.
You visited 1 branch of the dungeon, and saw 4 of its levels.

You collected 53 gold pieces.
You paid 4 gold pieces to Gozag.

Inventory:

Hand Weapons
 c - a +0 dagger (weapon)
Scrolls
 b - 2 scrolls of identify {unknown}
 d - a scroll of enchant armour {unknown}
Potions
 a - a potion of flight


   Skills:
 * Level 2.1 Dodging
 - Level 1.7 Stealth
 + Level 2.3 Spellcasting
 * Level 4.2 Conjurations
 + Level 1.1 Hexes


You had 5 spell levels left.
You knew the following spells:

 Your Spells              Type           Power      Damage    Failure   Level
a - Magic Dart            Conj           76%        1d6       2%          1

Your spell library contained the following spells:

 Spells                   Type           Power      Damage    Failure   Level
 Searing Ray              Conj           38%        2d5       4%          2
 Dazzling Flash           Conj/Hex       26%        N/A       16%         3
 Inner Flame              Hex/Fire       4%         N/A       36%         3
 Fulminant Prism          Conj/Hex       6%         3d7       45%         4
 Iskenderun's Mystic Bla  Conj/Tloc      10%        2d4       54%         4
 Cause Fear               Hex            3%         N/A       67%         4
 Discord                  Hex            3%         N/A       100%        8


Dungeon Overview and Level Annotations

Branches:
Dungeon (4/15)
 Temple: D:4-7

Altars:
Gozag

Annotations:
D:2 Sigmund
D:4 Menkaure


Innate Abilities, Weirdness & Mutations

Your plain brown scales are hard. (AC +5)
You cannot fit into any form of body armour.
You are cold-blooded and may be slowed by cold attacks.


Message History

Casting: Magic Dart (safe; 3% risk of failure)
Confirm with . or Enter, or press ? or * to list all spells.
Aiming: Magic Dart (safe; 3% risk of failure)
Press: ? - help, Shift-Dir - straight line, f - hobgoblin
Aim: a hobgoblin (asleep, 100% to hit)
The magic dart hits the hobgoblin.
You kill the hobgoblin!
You have reached level 3!
Your experience leads to an increase in your attributes!
Increase (S)trength, (I)ntelligence, or (D)exterity?
You feel clever. x2; Your scales feel tougher.
You now have 38 gold pieces (gained 9).
You now have 43 gold pieces (gained 5).
You open the door.
There is an open door here.
You now have 49 gold pieces (gained 6).
Menkaure, Prince of Dust comes into view.
Menkaure shouts!
Casting: Magic Dart (safe; 2% risk of failure)
Confirm with . or Enter, or press ? or * to list all spells.
Aiming: Magic Dart (safe; 2% risk of failure)
Press: ? - help, Shift-Dir - straight line, f - Menkaure
Aim: Menkaure (100% to hit)
The magic dart hits Menkaure.
Menkaure is lightly damaged.
Menkaure mumbles some strange words.
Menkaure seems to speed up.
Menkaure calls on the powers of darkness!
Your body is wracked with pain!
There is an open door here.
Menkaure points at you and mumbles some strange words.
Pain shoots through your body!
* * * LOW HITPOINT WARNING * * *
Menkaure murmurs in an indecipherable tongue.
Okay, then.
Okay, then.
Menkaure gestures at you while chanting.
Pain shoots through your body!
You die...
Your body crumbles into a pile of gold.

..###'############....#
#..............#....#
#..............#....#
#.......M..M...#....#
#.##########...#....#
#. #...#....# #.
#...#....# #.
#...#....# #.(@#....#
+...'....# #...#....#
#...#....# #...#....#
.!# #...#....# ..#
#...#.<..# ..#
#...#.)..# ..#
#[..#..).#


You could see Menkaure (fast).

Vanquished Creatures
  2 orcs (D:4)
  2 bats (D:1)
  2 endoplasms (D:1)
  3 giant cockroaches
  2 goblins (D:1)
  3 hobgoblins
  2 jackals (D:1)
  A quokka (D:1)
  2 ball pythons
  A frilled lizard (D:1)
  3 rats (D:1)
23 creatures vanquished.

Vanquished Creatures (others)
  A plant (D:4)
1 creature vanquished.

Grand Total: 24 creatures vanquished

Notes
Turn   | Place    | Note
-------+----------+-------------------------------------------
     0 | D:1      | NinjaNoafa the Draconian Conjurer began the quest for the
                  | Orb.
     0 | D:1      | Reached XP level 1. HP: 14/14 MP: 3/3
   540 | D:1      | Reached XP level 2. HP: 20/20 MP: 1/5
   972 | D:1      | Reached skill level 1 in Hexes
  1054 | D:1      | HP: 1/20 [worm (6)]
  1063 | D:1      | You fall into a shaft and drop 1 floor!
  1361 | D:2      | Noticed Sigmund
  1376 | D:2      | Found an opulent altar of Gozag.
  1390 | D:2      | Became a worshipper of Gozag Ym Sagoz the Greedy
  1399 | D:2      | You are sucked into a shaft and drop 2 floors!
  1445 | D:4      | Noticed a scorpion
  1965 | D:4      | Reached XP level 3. HP: 26/26 MP: 4/6
  2014 | D:4      | Noticed Menkaure
  2037 | D:4      | Killed from afar by Menkaure

Illustrated notes

Levels and vault maps discovered:
D:1:      dpeg_arrival_brainrot, layout_loops_ring,
          nicolae_ecumenical_lake_church, minivault_14, minmay_misc_feat_square,
          solitary_fountain, nicolae_shop_unique_rings, minmay_domino_2
D:2:      layout_basic, basic_altar, serial_corexii_hall,
          chequers_hall_statues_y, chequers_hall_statues_y, uniq_sigmund,
          uniq_natasha
D:3:      layout_basic, nicolae_figureground_sparkle
D:4:      layout_basic, corexii_shack, uniq_menkaure

Skill      XL: |  1  2 |
---------------+-------+-----
Dodging        | 2 |  2.1
Hexes          | 1 |  1.1
Stealth        | |  1.7
Spellcasting   | |  2.3
Conjurations   | |  4.2

Action                   || total
-------------------------++-------
Melee: Unarmed           ||    46
       Tailslap          ||    10
       Punch             ||     1
       Dagger            ||    26
 Cast: Magic Dart        ||    52
  Use: Potion            ||     1
Armor: Skin              ||    41
Dodge: Dodged            ||    61
